 Dungeon Crawl Stone Soup version 0.28.0 (webtiles) character file.

Game seed: 1869471783216027926

11 horus123 the Bolt Thrower (level 2, -6/17 HPs)
             Began as a Deep Elf Wanderer on Feb 15, 2022.
             Mangled by a goblin (17 damage)
             ... on level 1 of the Dungeon.
             The game lasted 00:01:37 (361 turns).

horus123 the Bolt Thrower (Deep Elf Wanderer)        Turns: 361, Time: 00:01:37

Health: -6/17      AC:  4    Str: 13    XL:     2   Next: 13%
Magic:  4/4        EV: 12    Int: 12    God:
Gold:   12         SH:  0    Dex: 14    Spells: 1/1 levels left

rFire   . . .      SeeInvis .   h - +0 long sword
rCold   . . .      Faith    .   (no shield)
rNeg    . . .      Spirit   .   d - +0 leather armour
rPois   .          Reflect  .   (no helmet)
rElec   .          Harm     .   c - +0 cloak
rCorr   .          Rampage  .   (no gloves)
Will    .....                   (no boots)
Stlth   +.........              g - amulet of the acrobat
HPRegen 0.05/turn               (no ring)
MPRegen 0.09/turn               (no ring)

@: no status effects
A: no striking features
a: no special abilities


You were on level 1 of the Dungeon.
You visited 1 branch of the dungeon, and saw 1 of its levels.

You collected 12 gold pieces.

Inventory:

Hand Weapons
 a - a +3 hand crossbow
 f - a +0 dagger
 h - a +0 long sword (weapon)
Missiles
 b - 21 bolts
Armour
 c - a +0 cloak (worn)
 d - a +0 leather armour (worn)
Jewellery
 g - an amulet of the acrobat (around neck)
Scrolls
 e - a scroll of fog {unknown}


   Skills:
 + Level 1.6 Fighting
 - Level 4.1 Crossbows
 - Level 1.0 Armour
 - Level 3.6 Dodging


You had one spell level left.
You didn't know any spells.
Your spell library contained the following spells:

 Spells                   Type           Power      Damage    Failure   Level
 Sandblast                Erth           0%         2d4       38%         1
 Passwall                 Tmut/Erth      0%         N/A       54%         2
 Stone Arrow              Conj/Erth      0%         3d7       77%         3


Dungeon Overview and Level Annotations

Branches:
Dungeon (1/15)

Altars:


Message History

h - a +0 long sword
h - a +0 long sword (weapon)
A kobold comes into view. It is wielding a +0 dagger.
The kobold shouts!
The kobold moves out of view.
The kobold completely misses you.
You closely miss the kobold. The kobold misses you.
You hit the kobold.
You kill the kobold!
No target in view! 2 kobolds come into view.
The kobold shouts!
A goblin comes into view. It is wielding a +0 dagger.
The kobold barely misses you.
You closely miss the kobold.
The goblin shouts!
You hit the kobold.
The kobold is heavily wounded.
The kobold hits you with a +0 dagger.
You hit the kobold.
The kobold is severely wounded.
The kobold hits you but does no damage. The kobold closely misses you.
The kobold hits you but does no damage.
You closely miss the kobold.
The kobold is severely wounded.
The kobold barely misses you. x2
You hit the kobold.
You kill the kobold!
The kobold hits you but does no damage. The goblin hits you with a +0 dagger.
The kobold hits you with a +0 dagger.
A goblin comes into view.
It is wielding a +0 dagger of electrocution.
The goblin shouts!
You see here a +0 dagger.
The goblin misses you.
You hit the goblin but do no damage. The goblin barely misses you. x2
The goblin hits you but does no damage.
You completely miss the goblin. The goblin hits you but does no damage.
You are electrocuted!
Ouch! That really hurt!
You die...

... ...#>##.# #.#
##.#.##.# #.#
#....##.# #.#
###....##.#
#.###.###.......#[#
#...............#.#
....##K###.......#.#
#######g#
###...###.#
......g@# #...# #.#
######### ##.## #.#
#.# #.# #.# ##.##
####.###...#
#..........#
#.##.###...# #.##.#
##### ##### #.##.#


You could see 2 goblins and a kobold.

Vanquished Creatures
  2 bats (D:1)
  An endoplasm (D:1)
  A giant cockroach (D:1)
  3 kobolds (D:1)
  A quokka (D:1)
  A ball python (D:1)
9 creatures vanquished.

Notes
Turn   | Place    | Note
-------+----------+-------------------------------------------
     0 | D:1      | horus123 the Deep Elf Wanderer began the quest for the Orb.
     0 | D:1      | horus123 set off with the following items: a +3 hand
                  | crossbow, 22 bolts, a +0 cloak, a +0 leather armour
     0 | D:1      | Reached XP level 1. HP: 12/12 MP: 3/3
   191 | D:1      | Reached skill level 4 in Crossbows
   236 | D:1      | Reached XP level 2. HP: 16/16 MP: 4/4
   361 | D:1      | Mangled by a goblin

Illustrated notes

Levels and vault maps discovered:
D:1:      onia_arrival_mini_maze_b, layout_loops_ring,
          dilly_ecumenical_altar_fadedgnrine, minivault_19

Skill      XL: |  1 |
---------------+----+-----
Crossbows      | 4 |  4.1
Fighting       | |  1.6
Armour         | |  1.0
Dodging        | |  3.6

Action                   || total
-------------------------++-------
Melee: Long sword        ||     9
 Fire: Hand crossbow     ||    12
Armor: Leather armour    ||     7
Dodge: Dodged            ||    14
